 Dungeon Crawl Stone Soup version 0.28.0-53-g5a82cb258f (webtiles) character file.

Game seed: 1157944171055702274

409 Duralumin the Stinger (level 6, -2/36 HPs)
             Began as an Octopode Venom Mage on Aug 20, 2022.
             Slain by a sky beast (6 damage)
             ... on level 4 of the Dungeon.
             The game lasted 00:18:32 (4617 turns).

Duralumin the Stinger (Octopode Venom Mage)         Turns: 4617, Time: 00:18:39

Health: -2/36      AC:  1    Str:  6 (8)  XL:     6   Next: 89%
Magic:  8/11       EV: 13    Int: 16 (19) God:
Gold:   159        SH:  0    Dex: 10 (12) Spells: 2/12 levels left

rFire   . . .      SeeInvis .   d - +1 dagger (vamp)
rCold   . . .      Faith    .   (no shield)
rNeg    . . .      Spirit   .   (helmet restricted)
rPois   .          Reflect  .   (no amulet)
rElec   .          Harm     .   (no ring)
rCorr   .          Rampage  .   (no ring)
Will    .....                   (no ring)
Stlth   ++........              (no ring)
HPRegen 0.12/turn               (no ring)
MPRegen 0.12/turn               (no ring)
                                (no ring)
                                (no ring)

@: confused, ambrosia-drunk
A: almost no armour, amphibious, 8 rings, camouflage 1, gelatinous body 1,
(nimble swimmer 1), tentacles
a: no special abilities


You were on level 4 of the Dungeon.
You visited 1 branch of the dungeon, and saw 6 of its levels.

You collected 159 gold pieces.

Inventory:

Hand Weapons
 a - a +0 dagger
 d - a +1 vampiric dagger (weapon)
 q - a +2 dagger of freezing
Missiles
 l - 3 poisoned darts
Scrolls
 g - a scroll of vulnerability
 i - 2 scrolls of enchant armour
 j - a scroll of noise
 k - a scroll of fog
 r - a scroll of immolation
Potions
 b - a potion of curing
 f - a potion of resistance {unknown}
 h - a potion of ambrosia
 n - a potion of heal wounds {unknown}
 o - a potion of mutation {unknown}


   Skills:
 - Level 2.0 Dodging
 - Level 2.6 Stealth
 + Level 3.7 Spellcasting
 + Level 2.6 Conjurations
 - Level 2.0 Transmutations
 + Level 2.7 Air Magic
 + Level 5.6 Poison Magic


You had 2 spell levels left.
You knew the following spells:

 Your Spells              Type           Power      Damage    Failure   Level
a - Sting                 Tmut/Pois      60%        1d6       3%          1
b - Poisonous Vapours     Pois/Air       32%        N/A       4%          2
c - Mephitic Cloud        Conj/Pois/Air  14%        N/A       12%         3
d - Olgreb's Toxic Radia  Pois           21%        N/A       17%         4

Your spell library contained the following spells:

 Spells                   Type           Power      Damage    Failure   Level
 Confusing Touch          Hex            2%         N/A       45%         3
 Yara's Violent Unravell  Hex/Tmut       3%         3d4       97%         5
 Enfeeble                 Hex            1%         N/A       100%        7


Dungeon Overview and Level Annotations

Branches:
Dungeon (6/15)             Temple (0/1) D:4

Altars:
Hepliaklqana
Sif Muna
Trog
Xom

Shops:
D:1 [[(


Innate Abilities, Weirdness & Mutations

You cannot wear most types of armour.
You are amphibious.
You can wear up to eight rings at the same time.
Your skin changes colour to match your surroundings (Stealth+).
Your rubbery body absorbs attacks. (AC +1, EV +1)
((You are camouflaged when in or above water. (Stealth+)))
You have tentacles for arms and can constrict up to eight enemies at once.


Message History

Okay, then.
Unknown command.
Unknown command.
Unknown command.
Casting: Sting (safe; 3% risk of failure)
Confirm with . or Enter, or press ? or * to list all spells.
Aiming: Poisonous Vapours (safe; 3% risk of failure)
Press: ? - help, Dir - move target, f - sky beast
Aim: a sky beast Poisonous vapours surround the sky beast!
The sky beast is poisoned.
The sky beast hits you. The sky beast shocks you.
Casting: Poisonous Vapours (safe; 3% risk of failure)
Confirm with . or Enter, or press ? or * to list all spells.
Aiming: Poisonous Vapours (safe; 3% risk of failure)
Press: ? - help, Dir - move target, f/p - sky beast
Aim: a sky beast (poisoned) Poisonous vapours surround the sky beast!
The sky beast looks even sicker.
The sky beast hits you. The sky beast shocks you.
A scorpion comes into view.
The sky beast flickers out of sight!
Deactivating autopickup; reactivate with Ctrl-A.
Okay, then.
Unknown command.
Unknown command.
It was a potion of degeneration.
There was something very wrong with that liquid.
You feel weakened.
You feel dopey.
You feel clumsy. Something hits you.
* * * LOW HITPOINT WARNING * * *
Something shocks you.
* * * LOW HITPOINT WARNING * * *
It was a potion of ambrosia.
You are confused.
You feel invigorated.
A sky beast appears from thin air!
Reactivating autopickup.
The sky beast hits you.
* * * LOW HITPOINT WARNING * * *
The sky beast shocks you.
You die...

>........# *,,,,,,,,,,*
.........# *,,,,,,,,,,*
.........# *,,,,,,,,,,*
.........# *,,,,,,,,,,*
.........# *,,,,,,,,,,,
.........####### *,,,,,,,,,,,
...............# *,,,,,,,,,,,
...............#######..,,,,**+*,
...............Y@.......,,,,*,,**
....................s...,,,,,,,,,
.....###+##.............,,,,,*,,,
#####*,,,,#.............,,,,,,,,,
,,,,*,,,,,#....#########*+*,*,*,*
,,,,+,,,,,#....#,,,,,,*,,,,,,,,,,
,,,,*,,,,,#....#,,,,,,*,,,,*,8,*,
,,,,**,,,,#....#,,,,,,,,,*,,,,,,,
,,,,****+*#....#,,,,,,,*,,,8,>,8,


You could see a sky beast (poisoned) and a scorpion.

Vanquished Creatures
  An ogre (D:5)
  A bullfrog (D:6)
  A hound (D:6)
  An orc priest (D:5)
  2 iguanas
  An orc wizard (D:3)
  3 adders
  2 ufetubi (D:3)
  A worm (D:2)
  3 dart slugs (D:1)
  8 orcs
  6 bats
  2 endoplasms (D:1)
  2 giant cockroaches
  11 goblins
  5 hobgoblins
  6 jackals (D:1)
  2 quokkas
  6 ball pythons
  3 frilled lizards
  7 kobolds
  6 rats
80 creatures vanquished.

Notes
Turn   | Place    | Note
-------+----------+-------------------------------------------
     0 | D:1      | Duralumin the Octopode Venom Mage began the quest for the
                  | Orb.
     0 | D:1      | Reached XP level 1. HP: 11/11 MP: 3/3
   114 | D:1      | Reached XP level 2. HP: 17/17 MP: 1/5
   249 | D:1      | Reached skill level 4 in Poison Magic
   285 | D:1      | Learned a level 2 spell: Poisonous Vapours
   383 | D:1      | Found Wailaakuu's Armour Shop.
   631 | D:1      | Found Wewaczex's Weapon Emporium.
   644 | D:1      | Reached XP level 3. HP: 21/21 MP: 0/6
   726 | D:1      | Learned a level 3 spell: Mephitic Cloud
  1265 | D:1      | Found Wiewu's Antique Armour Shop.
  1637 | D:2      | Reached XP level 4. HP: 27/27 MP: 0/8
  2036 | D:3      | Reached skill level 1 in Air Magic
  2243 | D:3      | Found a shimmering altar of Xom.
  2246 | D:3      | Found an opulent altar of Gozag.
  2246 | D:3      | Found an ornate altar of the Wu Jian Council.
  2248 | D:3      | Found an ancient bone altar of Kikubaaqudgha.
  2248 | D:3      | Found an opulent altar of Gozag.
  2248 | D:3      | Found a bloodstained altar of Trog.
  2386 | D:3      | Reached skill level 1 in Conjurations
  2386 | D:3      | Reached XP level 5. HP: 10/31 MP: 0/9
  2617 | D:3      | Found a hazy altar of Hepliaklqana.
  3327 | D:3      | Found a faded altar of an unknown god.
  3832 | D:3      | Learned a level 4 spell: Olgreb's Toxic Radiance
  3996 | D:3      | Reached skill level 5 in Poison Magic
  4107 | D:4      | You fall into a shaft and drop 2 floors!
  4146 | D:6      | Noticed a water moccasin
  4150 | D:6      | Noticed a centaur
  4204 | D:6      | Found a bloodstained altar of Trog.
  4241 | D:6      | Noticed a water moccasin
  4270 | D:6      | Reached XP level 6. HP: 36/36 MP: 1/11
  4346 | D:6      | Found a shimmering blue altar of Sif Muna.
  4384 | D:6      | Noticed a sky beast
  4480 | D:5      | Entered Level 5 of the Dungeon
  4597 | D:4      | Noticed a sky beast
  4617 | D:4      | Slain by a sky beast

Illustrated notes

Levels and vault maps discovered:
D:1:      psy_arrival_fountain, layout_loops_ring, serial_shops,
          nicolae_lakefront_shop, nicolae_shop_bloodbath_and_beyond,
          nicolae_shop_crystal
D:2:      layout_rooms
D:3:      layout_basic, nzn_hepliaklqana_mist_gate, doesnt_xom_only_xom,
          shapermc_ecumenical_altar_ellora, st_stairs_14
D:4:      layout_gridville, nicolae_ru_awakened_eye,
          minmay_temple_entry_sparse_star, gup_sewer_entry_glass,
          grunt_ministairs_2
D:5:      layout_basic, gammafunk_ghost_cemetery
D:6:      layout_basic, lightli_temple_of_fire, kennysheep_mini_moat,
          uniq_edmund

Skill      XL: |  1  2  3  4  5 |
---------------+----------------+-----
Poison Magic   | 4 5 |  5.6
Transmutations | 2 |  2.0
Air Magic      | 1 2 |  2.7
Spellcasting   | 3 |  3.7
Conjurations   | 1 2 |  2.6
Dodging        | |  2.0
Stealth        | |  2.6

Action                   |  1- 3 |  4- 6 || total
-------------------------+-------+-------++-------
Melee: Constrict         |     6 |     4 ||    10
       Punch             |     1 |     1 ||     2
       Unarmed           |     1 |       ||     1
       Dagger            |    25 |    12 ||    37
       Tentacles         |     8 |     2 ||    10
 Cast: Sting             |    51 |    45 ||    96
       Poisonous Vapours |    18 |    53 ||    71
  Use: Scroll            |       |     9 ||     9
       Potion            |       |     2 ||     2
Armor: Skin              |     4 |     1 ||     5
Dodge: Dodged            |    26 |    20 ||    46
